 Dungeon Crawl Stone Soup version 0.21.0-3-g78d12a8 (webtiles) character file.

68 Megalobster the Grasshopper (level 4, -3/38 HPs)
             Began as a Gnoll Warper on Jan 15, 2018.
             Slain by a human (7 damage)
             ... on level 2 of the Dungeon.
             The game lasted 00:04:41 (1181 turns).

Megalobster the Grasshopper (Gnoll Warper)          Turns: 1181, Time: 00:04:41

Health: -3/38      AC:  3    Str: 14    XL:     4   Next: 19%
Magic:  11/11      EV: 14    Int: 15    God:
Gold:   87         SH:  0    Dex: 15    Spells: 6/13 levels left

rFire    . . .     SeeInvis .   a - +0 short sword
rCold    . . .     Gourm    .   (no shield)
rNeg     . . .     Faith    .   b - +0 leather armour
rPois    +         Spirit   .   (no helmet)
rElec    .         Reflect  .   (no cloak)
rCorr    .         Harm     .   (no gloves)
MR       .....                  (no boots)
Stlth    +.........             (no amulet)
HPRegen  0.12/turn              h - ring of loudness (curse)
MPRegen  0.12/turn              k - ring of poison resistance

@: no status effects
A: distributed training, fangs 1, strong nose
a: no special abilities


You were on level 2 of the Dungeon.
You were not hungry.

You visited 1 branch of the dungeon, and saw 2 of its levels.

You collected 87 gold pieces.

Inventory:

Hand Weapons
 a - a +0 short sword (weapon)
Missiles
 e - 5 tomahawks of dispersal (quivered)
 i - 2 throwing nets {!f}
 o - 20 sling bullets
Armour
 b - a +0 leather armour (worn)
 n - a +0 chain mail
Jewellery
 h - a cursed ring of loudness (left hand)
 k - a ring of poison resistance (right hand)
Scrolls
 d - a scroll of blinking
 j - a scroll of enchant weapon {unknown}
 l - a scroll of identify {unknown}
 m - a scroll of remove curse {unknown}
Books
 c - a book of Spatial Translocations

   Spells                             Type                      Level
   a - Blink                          Translocation                2
   b - Shroud of Golubria             Charms/Translocation         2
   c - Lesser Beckoning               Translocation                3
   d - Gell's Gravitas                Translocation                3
   e - Teleport Other                 Translocation                3
   f - Passage of Golubria            Translocation                4
Comestibles
 f - 5 rations
 g - 6 chunks of flesh


   Skills:
 + Level 4.6 Fighting
 + Level 4.6 Short Blades
 + Level 1.0 Long Blades
 + Level 1.0 Axes
 + Level 1.0 Maces & Flails
 + Level 1.0 Polearms
 + Level 1.0 Staves
 + Level 1.0 Slings
 + Level 1.0 Bows
 + Level 1.0 Crossbows
 + Level 2.7 Throwing
 + Level 2.7 Armour
 + Level 4.6 Dodging
 + Level 1.0 Stealth
 + Level 1.0 Shields
 + Level 1.0 Unarmed Combat
 + Level 5.0 Spellcasting
 + Level 0.8 Conjurations
 + Level 0.8 Hexes
 + Level 0.8 Charms
 + Level 0.8 Summonings
 + Level 0.8 Necromancy
 + Level 5.4 Translocations
 + Level 0.8 Transmutations
 + Level 0.8 Fire Magic
 + Level 0.8 Ice Magic
 + Level 0.8 Air Magic
 + Level 0.8 Earth Magic
 + Level 0.8 Poison Magic
 + Level 1.1 Invocations
 + Level 1.0 Evocations


You had 6 spell levels left.
You knew the following spells:

 Your Spells              Type           Power        Failure   Level  Hunger
a - Blink                 Tloc           N/A          3%          2    ##.....
b - Shroud of Golubria    Chrm/Tloc      ##........   9%          2    ##.....
c - Teleport Other        Tloc           ###.....     6%          3    ###....


Dungeon Overview and Level Annotations

Branches:
Dungeon (2/15)

Altars:
Qazlal
Wu Jian
Yredelemnul


Innate Abilities, Weirdness & Mutations

Your experience applies equally to all skills.
You have very sharp teeth.
Your uncanny sense of smell can sniff out nearby items.


Message History

Your leather armour prevents you from hitting the human.
The human is severely wounded.
The human hits you!
* * * LOW HITPOINT WARNING * * *
You take 8 damage, and have 9/38 hp.
MASSIVE DAMAGE!!
You hit the human.
The human is almost dead.
The human closely misses you.
You hit the human but do no damage. Your bite misses the human.
The human is almost dead.
The human hits you.
* * * LOW HITPOINT WARNING * * *
You take 6 damage, and have 3/38 hp.
You closely miss the human. Your bite misses the human.
The human is almost dead.
The human closely misses you.
You miss the human. Your bite misses the human.
The human is almost dead.
The human hits you!
You die...

. #.....#.#.# .. .###
#.....#.#.# .......#
#.........#
....##.####.........#####
....#.....8###......##...
..........# ###.........
#......######(..>.....
#..###.#...##.......##
#..#p@.#._.##.......#
#..###.#...#####....#
#.....รท##### #....#
##......########....#
#.....8#....)......#
####.....###########
#######


You could see a human.

Vanquished Creatures
  Natasha (D:2)
  An ooze (D:1)
  2 leopard geckos (D:2)
  2 giant cockroaches
  2 hobgoblins (D:2)
  7 jackals (D:1)
  3 kobolds (D:2)
  6 bats
  2 frilled lizards
  3 goblins
  A goblin skeleton (D:2)
  A goblin zombie (D:2)
  A jackal skeleton (D:2)
  6 rats
38 creatures vanquished.

Notes
Turn   | Place    | Note
-------+----------+-------------------------------------------
     0 | D:1      | Megalobster the Gnoll Warper began the quest for the Orb.
     0 | D:1      | Reached XP level 1. HP: 20/20 MP: 6/6
    67 | D:1      | Reached XP level 2. HP: 24/26 MP: 7/7
    92 | D:1      | Learned a level 2 spell: Blink
    95 | D:1      | Learned a level 2 spell: Shroud of Golubria
   758 | D:1      | Reached XP level 3. HP: 29/31 MP: 9/9
   773 | D:1      | Learned a level 3 spell: Teleport Other
   813 | D:2      | Reached skill level 5 in Spellcasting
   866 | D:2      | Found an ornate altar of the Wu Jian Council.
   876 | D:2      | Noticed Natasha
   890 | D:2      | Killed Natasha
   890 | D:2      | Reached skill level 1 in Long Blades
   890 | D:2      | Reached skill level 1 in Axes
   890 | D:2      | Reached skill level 1 in Maces & Flails
   890 | D:2      | Reached skill level 1 in Polearms
   890 | D:2      | Reached skill level 1 in Staves
   890 | D:2      | Reached skill level 1 in Slings
   890 | D:2      | Reached skill level 1 in Bows
   890 | D:2      | Reached skill level 1 in Crossbows
   890 | D:2      | Reached skill level 1 in Stealth
   890 | D:2      | Reached skill level 1 in Shields
   890 | D:2      | Reached skill level 1 in Unarmed Combat
   890 | D:2      | Reached skill level 1 in Invocations
   890 | D:2      | Reached skill level 1 in Evocations
   890 | D:2      | Reached XP level 4. HP: 38/38 MP: 11/11
  1071 | D:2      | Found a stormy altar of Qazlal.
  1101 | D:2      | Found a runed door.
  1101 | D:2      | Noticed a human
  1119 | D:2      | Found a basalt altar of Yredelemnul.
  1181 | D:2      | Slain by a human

Skill      XL: |  1  2  3 |
---------------+----------+-----
Spellcasting   | 5 |  5.0
Long Blades    | 1 |  1.0
Axes           | 1 |  1.0
Maces & Flails | 1 |  1.0
Polearms       | 1 |  1.0
Staves         | 1 |  1.0
Slings         | 1 |  1.0
Bows           | 1 |  1.0
Crossbows      | 1 |  1.0
Stealth        | 1 |  1.0
Shields        | 1 |  1.0
Unarmed Combat | 1 |  1.0
Invocations    | 1 |  1.1
Evocations     | 1 |  1.0
Fighting       | |  4.6
Short Blades   | |  4.6
Throwing       | |  2.7
Armour         | |  2.7
Dodging        | |  4.6
Conjurations   | |  0.8
Hexes          | |  0.8
Charms         | |  0.8
Summonings     | |  0.8
Necromancy     | |  0.8
Translocations | |  5.4
Transmutations | |  0.8
Fire Magic     | |  0.8
Ice Magic      | |  0.8
Air Magic      | |  0.8
Earth Magic    | |  0.8
Poison Magic   | |  0.8

Action                   |  1- 3 |  4- 6 || total
-------------------------+-------+-------++-------
Melee: Short sword       |   127 |    58 ||   185
       Bite              |     8 |     3 ||    11
       Punch             |     1 |     1 ||     2
  Eat: Chunk             |       |     1 ||     1
Armor: Leather armour    |    32 |     5 ||    37
Dodge: Dodged            |   118 |    38 ||   156
